 Dungeon Crawl Stone Soup version 0.16-a0-3976-g683f154 (webtiles) character file.

21 timbw the Caller (level 2, -2/11 HPs)
             Began as a Felid Summoner on Feb 11, 2015.
             Shot with a stone by a goblin (7 damage)
             ... on level 4 of the Dungeon.
             The game lasted 00:02:20 (485 turns).

timbw the Caller (Felid Summoner)                    Turns: 485, Time: 00:02:20

Health: -2/11      AC:  1    Str:  4    XL:     2   Next: 62%
Magic:  2/6        EV: 18    Int: 16    God:
Gold:   26         SH:  0    Dex: 16    Spells: 2 memorised, 3 levels left
                                        Lives:  0   Deaths: 0

rFire  . . .     SeeInvis +     (weapon unavailable)
rCold  . . .     Clarity  .     (armour unavailable)
rNeg   . . .     SustAb   .     (shield unavailable)
rPois  .         Gourm    .     (helmet unavailable)
rElec  .         Spirit   .     (cloak unavailable)
rCorr  .         Warding  .     (gloves unavailable)
rMut   .         Stasis   .     (boots unavailable)
MR     .....                    (no amulet)
Stlth  +++.......               (no ring)
                                (no ring)

@: quick, not resistant to hostile enchantments, fairly stealthy
A: paw claws, no armour, no weapons or thrown items, fangs 3, see invisible,
carnivore 3, speed 1, shaggy fur 1, slow metabolism 1, sharp paws
a: no special abilities


You were on level 4 of the Dungeon.
You were completely stuffed.

You visited 1 branch of the dungeon, and saw 4 of its levels.

You collected 26 gold pieces.

Inventory:

Scrolls
 e - a scroll of identify {unknown}
 f - a scroll of enchant weapon {unknown}
Potions
 d - 2 potions of might {unknown}
 g - 2 potions of brilliance {unknown}
 h - a potion of curing {unknown}
Books
 b - a book of Callings

   Spells                             Type                      Level
   a - Summon Small Mammal            Summoning                    1
   b - Call Imp                       Summoning                    2
   c - Call Canine Familiar           Summoning                    3
   d - Summon Guardian Golem          Hexes/Summoning              4
   e - Summon Lightning Spire         Summoning/Air                4
   f - Summon Ice Beast               Ice/Summoning                4
Comestibles
 a - a beef jerky
 c - a meat ration


   Skills:
 - Level 2.6 Dodging
 - Level 2.6 Stealth
 + Level 2.6 Spellcasting
 + Level 4.3 Summonings


You had 3 spell levels left.
You knew the following spells:

 Your Spells              Type           Power        Failure   Level  Hunger
a - Summon Small Mammal   Summ           ###.         3%          1    #......
b - Call Imp              Summ           ###.....     6%          2    ##.....


Dungeon Overview and Level Annotations

Branches:
Dungeon (4/15)
 Temple: D:4-7

Altars:

Annotations:
D:4 Ijyb


Innate Abilities, Weirdness & Mutations

You cannot wear armour.
You are incapable of wielding weapons or throwing items.
You have razor-sharp teeth.
You have supernaturally acute eyesight.
You are carnivorous and can eat meat at any time.
You cover ground quickly.
You are covered in fur (AC +1).
You have a slow metabolism.
Your paws have sharp claws that are effective at stabbing.


Message History

Your iron imp hits the goblin!
The goblin dies!
The goblin shoots a stone.
The stone hits your iron imp.
Your white imp barely misses Ijyb.
Your iron imp hits Ijyb!
Ijyb hits your iron imp with a club.
The goblin closely misses your iron imp.
Your white imp hits Ijyb.
Your white imp freezes Ijyb.
Ijyb hits your iron imp but does no damage.
Your iron imp barely misses Ijyb.
The goblin barely misses your iron imp.
Your white imp gestures at Ijyb.
The puff of frost hits Ijyb.
Ijyb hits your iron imp but does no damage.
Your iron imp barely misses Ijyb.
The goblin closely misses your iron imp.
Your white imp hits Ijyb but does no damage.
The goblin shoots a stone.
The stone closely misses your white imp.
The stone hits you!
Ouch! That really hurt!
You die...

########### #.........#
#.........# ###
#.........# #..
#.........# #.####
#.........+ ......
#.........# #.##.#
#.........# #.##.#
#.....†.@.# #.##.# #
#......÷..###.##.#####.##
###+#####.........<.......
...>......#########.......
.#######558.8.8.8.#.###.##
#ggg.g.....#.. #..g†.....
#.## #......... #.#
#......... #.#


You could see Ijyb, 3 goblins, a friendly iron imp and a friendly white imp.

Vanquished Creatures (collateral kills)
  An adder (D:3)
  A worm (D:2)
  An adder skeleton (D:3)
  A giant gecko (D:2)
  2 bats
  A giant cockroach (D:4)
  3 goblins (D:4)
  A hobgoblin (D:2)
  2 jackals (D:4)
  A giant newt (D:3)
  A rat (D:2)
15 creatures vanquished.

Vanquished Creatures (others)
  2 bats (D:2)
  3 quokkas (D:2)
  3 rats (D:2)
8 creatures vanquished.

Grand Total: 23 creatures vanquished

Notes
Turn   | Place    | Note
--------------------------------------------------------------
     0 | D:1      | timbw, the Felid Summoner, began the quest for the Orb.
     0 | D:1      | Reached XP level 1. HP: 7/7 MP: 4/4
   204 | D:2      | Reached XP level 2. HP: 4/11 MP: 0/6
   214 | D:2      | Learned a level 2 spell: Call Imp
   474 | D:4      | Noticed Ijyb
   485 | D:4      | Shot with a stone by a goblin

Action                   || total
-------------------------++-------
Melee: Unarmed           ||     7
 Cast: Summon Small Mamm ||    10
       Call Imp          ||    10
 Stab: Sleeping          ||     1
  Eat: Chunk             ||     7
